 Dungeon Crawl Stone Soup version 0.21.1-1-g345015f (webtiles) character file.

184 inc the Magician (level 5, -10/31 HPs)
             Began as an Octopode Ice Elementalist on Apr 21, 2018.
             Mangled by an ogre
             ... wielding a cursed -1 giant club
              (22 damage)
             ... on level 5 of the Dungeon.
             The game lasted 00:04:50 (3462 turns).

inc the Magician (Octopode Ice Elementalist)        Turns: 3462, Time: 00:04:51

Health: -10/31     AC:  1    Str:  7    XL:     5   Next: 63%
Magic:  8/11       EV: 13    Int: 19    God:
Gold:   162        SH:  0    Dex: 12    Spells: 12/13 levels left

rFire    . . .     SeeInvis .   d - +0 short sword (venom)
rCold    . . .     Gourm    .   (no shield)
rNeg     . . .     Faith    .   (helmet restricted)
rPois    .         Spirit   .   (no amulet)
rElec    .         Reflect  .   (no ring)
rCorr    .         Harm     .   (no ring)
MR       .....                  (no ring)
Stlth    +++.......             (no ring)
HPRegen  0.10/turn              (no ring)
MPRegen  0.12/turn              (no ring)
                                (no ring)
                                (no ring)

@: no status effects
A: almost no armour, stealthy swim, amphibious, 8 rings, constrict 8, camouflage
1, gelatinous body 1
a: no special abilities


You were on level 5 of the Dungeon.
You were not hungry.

You visited 1 branch of the dungeon, and saw 5 of its levels.

You collected 162 gold pieces.

Inventory:

Hand Weapons
 c - a +0 short sword
 d - a +0 short sword of venom (weapon)
Magical Staves
 s - an uncursed staff of earth
Jewellery
 l - an uncursed amulet of rage {unknown}
Wands
 o - a wand of disintegration (10)
Scrolls
 e - 4 scrolls of remove curse {unknown}
 f - 4 scrolls of teleportation {unknown}
 h - 3 scrolls of fear {unknown}
 i - a scroll of amnesia {unknown}
 j - 3 scrolls of enchant armour {unknown}
 m - a scroll of immolation {unknown}
 p - a scroll of identify {unknown}
Potions
 g - a potion of heal wounds
 k - a potion of haste {unknown}
 n - 2 potions of flight {unknown}
 q - a potion of agility {unknown}
 r - a potion of curing {unknown}
Books
 a - a book of Frost

   Spells                             Type                      Level
   a - Freeze                         Ice                          1
   b - Throw Frost                    Conjuration/Ice              2
   c - Ozocubu's Armour               Charms/Ice                   3
   d - Throw Icicle                   Conjuration/Ice              4
   e - Summon Ice Beast               Ice/Summoning                4
Comestibles
 b - 6 rations
 t - a chunk of flesh


   Skills:
 - Level 2.0 Dodging
 - Level 2.6 Stealth
 - Level 4.6 Spellcasting
   Level 1.0 Conjurations
 + Level 4.0 Ice Magic


You had 12 spell levels left.
You knew the following spells:

 Your Spells              Type           Power        Failure   Level  Hunger
a - Freeze                Ice            ###.         2%          1    None


Dungeon Overview and Level Annotations

Branches:
Dungeon (5/15)
 Temple: D:4-7

Altars:

Annotations:
D:2 1 runed door


Innate Abilities, Weirdness & Mutations

You cannot wear most types of armour.
You are very stealthy in the water. (Stealth+)
You are amphibious.
You can wear up to eight rings at the same time.
You can use your tentacles to constrict eight enemies at once.
Your skin changes colour to match your surroundings (Stealth+).
Your rubbery body absorbs attacks. (AC +1, EV +1)


Message History

You freeze the ogre.
The ogre is lightly wounded.
The ogre barely misses you.
Casting: Freeze
Confirm with . or Enter, or press ? or * to list all spells.
Aiming: Freeze
Press: ? - help, Shift-Dir - straight line, f/p - ogre
Aim: an ogre, wielding a giant club (lightly wounded, poisoned)
You freeze the ogre.
The ogre is lightly wounded.
Casting: Freeze
Confirm with . or Enter, or press ? or * to list all spells.
Aiming: Freeze
Press: ? - help, Shift-Dir - straight line, f/p - ogre
Aim: an ogre, wielding a giant club (moderately wounded, poisoned)
You freeze the ogre.
The ogre is moderately wounded.
The ogre hits you with a giant club!!
Ouch! That really hurt!
You die...

## ..# #.# #.#
#.# ####.####
##+## #.......#
##...## #.#..#
#.....## #..#@#
..)....##
##.###O#
<.......####.##
#..
........'<....#
#.#
........####...#
.# .......##
#....... #
#.....##
#.##.##. ##...##
#.# .# ##+## #.#
#


You could see an ogre.

Vanquished Creatures
  A worker ant (D:4)
  A hound skeleton (D:4)
  7 adders
  3 worms
  A dart slug (D:1)
  2 leopard geckos
  5 orcs
  10 bats
  A giant cockroach (D:3)
  7 goblins
  6 hobgoblins
  6 jackals
  7 kobolds
  A quokka (D:2)
  2 frilled lizards
  10 rats
70 creatures vanquished.

Notes
Turn   | Place    | Note
-------+----------+-------------------------------------------
     0 | D:1      | inc the Octopode Ice Elementalist began the quest for the Orb.
     0 | D:1      | Reached XP level 1. HP: 11/11 MP: 3/3
   166 | D:1      | Reached XP level 2. HP: 13/17 MP: 3/5
   666 | D:1      | Reached XP level 3. HP: 21/21 MP: 7/7
  1274 | D:2      | Reached XP level 4. HP: 13/27 MP: 9/9
  1755 | D:2      | Found a runed door.
  2738 | D:3      | Reached XP level 5. HP: 31/31 MP: 9/11
  3395 | D:4      | Noticed a phantom
  3436 | D:5      | Entered Level 5 of the Dungeon
  3457 | D:5      | Noticed an ogre
  3462 | D:5      | Mangled by an ogre

Skill      XL: |  1  2  3  4  5 |
---------------+----------------+-----
Spellcasting   | 3 4 |  4.6
Ice Magic      | 4 |  4.0
Dodging        | |  2.0
Stealth        | |  2.6
Conjurations   | |  1.0

Action                   |  1- 3 |  4- 6 || total
-------------------------+-------+-------++-------
Melee: Short sword       |    58 |    72 ||   130
       Unarmed           |     8 |       ||     8
       Constrict         |    21 |    18 ||    39
       Tentacles         |     7 |    15 ||    22
 Cast: Freeze            |       |    18 ||    18
  Use: Potion            |       |     1 ||     1
 Stab: Sleeping          |    13 |    11 ||    24
       Distracted        |     1 |       ||     1
  Eat: Chunk             |     1 |     7 ||     8
Armor: Skin              |    11 |    10 ||    21
Dodge: Dodged            |    41 |    63 ||   104
